 Dungeon Crawl Stone Soup version 0.19-a0-1779-g7aee5af (webtiles) character file.

237119 GravelordNito the Eclecticist (level 18, -2/85 HPs)
             Began as a Deep Elf Conjurer on Oct 2, 2016.
             Was the Champion of Vehumet.
             Slain by a tarantella (12 damage)
             ... on level 4 of the Spider Nest on Oct 3, 2016.
             The game lasted 03:31:35 (51475 turns).

GravelordNito the Eclecticist (Deep Elf Conjurer)  Turns: 51475, Time: 03:31:36

Health: -2/85      AC: 15    Str:  7    XL:     18   Next: 95%
Magic:  3/44       EV: 25    Int: 29    God:    Vehumet [******]
Gold:   2035       SH:  0    Dex: 16    Spells: 11 memorised, 9 levels left

rFire  . . .     SeeInvis +     y - +7 rapier (venom)
rCold  + . .     Gourm    .     r - +3 troll leather armour {regen}
rNeg   . . .     Faith    .     P - +2 buckler {rPois}
rPois  +         Spirit   .     Q - +2 hat
rElec  .         Dismiss  .     K - +0 cloak
rCorr  .         Reflect  +     o - +0 pair of gloves
MR     +....     Harm     .     a - +1 pair of boots
Stlth  +.........               x - +3 amulet of reflection
                                l - ring of see invisible {sInv, !d}
                                q - ring of the Octopus King {rC+ AC+1 EV+1 Str+1 Int+1 Dex+1}

@: confused
A: repulsion field 1
a: Renounce Religion
}: 1/15 runes: decaying


You were on level 4 of the Spider Nest.
You worshipped Vehumet.
Vehumet was exalted by your worship.
You were not hungry.

You visited 6 branches of the dungeon, and saw 32 of its levels.
You also visited: Labyrinth.

You collected 3220 gold pieces.
You spent 1185 gold pieces at shops.


Innate Abilities, Weirdness & Mutations

You are surrounded by a mild repulsion field. (EV +2)


   Skills:
 - Level 0.1 Fighting
 - Level 3.1 Short Blades
 - Level 5.6 Armour
 - Level 15.6 Dodging
 - Level 2.4 Stealth
 - Level 20.3 Spellcasting
 - Level 13.1 Conjurations
 - Level 8.0 Charms
 - Level 6.6 Ice Magic
 + Level 17.0 Air Magic
 - Level 5.9 Earth Magic
 - Level 10.0 Evocations


You had 9 spell levels left.
You knew the following spells:

 Your Spells              Type           Power        Failure   Level  Hunger
a - Magic Dart            Conj           ####         0%          1    None
b - Tornado               Air            #######...   73%         9    ######.
c - Dazzling Spray        Conj/Hex       ######       1%          3    None
d - Iskenderun's Mystic   Conj           #######.     1%          4    None
e - Bolt of Fire          Conj/Fire      ######....   10%         6    None
f - Iskenderun's Battles  Conj/Chrm      ######..     1%          5    None
g - Freezing Cloud        Conj/Ice/Air   #######...   1%          6    None
h - Sticky Flame          Conj/Fire      ######..     1%          4    None
i - Iron Shot             Conj/Erth      ######....   3%          6    None
j - Blink                 Tloc           N/A          6%          2    None
k - Repel Missiles        Chrm/Air       ######       1%          2    None

Inventory:

Hand Weapons
 y - a +7 rapier of venom (weapon)
   (You took it off a spriggan on level 5 of the Lair of Beasts)
 X - a +5 blowgun
   (You took it off Sonja on level 1 of the Lair of Beasts)
Missiles
 J - 15 curare-tipped needles
 M - 102 poisoned needles
Armour
 a - a +1 pair of boots (worn)
   (You found it on level 6 of the Dungeon)
 o - a +0 pair of gloves (worn)
   (You found it on level 3 of the Dungeon)
 r - a +3 troll leather armour (worn) {regen}
   (You found it on level 1 of the Orcish Mines)
 K - a +0 cloak (worn)
   (You found it on level 4 of the Swamp)
 P - a +2 buckler of poison resistance (worn)
   (You bought it in a shop on level 15 of the Dungeon)
 Q - a +2 hat (worn)
   (You took it off Gastronok on level 1 of the Lair of Beasts)
Rods
 B - a +7 rod of clouds (9/9) {!a}
   (You found it in a labyrinth)
Jewellery
 i - an uncursed amulet of guardian spirit {unknown}
   (You took it off an entropy weaver on level 4 of the Spider Nest)
 l - a ring of see invisible (right hand) {sInv, !d}
   (You found it on level 2 of the Spider Nest)
 q - a ring of the Octopus King (left hand) {rC+ AC+1 EV+1 Str+1 Int+1 Dex+1}
   (You found it in a labyrinth)

   [ring of protection from cold]

   It affects your AC (+1).
   It affects your evasion (+1).
   It affects your strength (+1).
   It affects your intelligence (+1).
   It affects your dexterity (+1).
   It protects you from cold.
 x - a +3 amulet of reflection (around neck)
   (You found it on level 4 of the Dungeon)
 A - an uncursed ring of protection from magic {MR+, !d}
   (You found it on level 2 of the Swamp)
 V - an uncursed ring of protection from fire {rF+, !d}
   (You found it on level 10 of the Dungeon)
 Y - an uncursed ring of protection from cold {rC+, !d}
   (You found it on level 4 of the Lair of Beasts)
Wands
 e - a wand of acid (5/15)
   (You found it on level 1 of the Spider Nest)
 G - a wand of disintegration (5/24)
   (You found it on level 5 of the Lair of Beasts)
 T - a wand of iceblast (1/15)
   (You took it off a spriggan on level 6 of the Lair of Beasts)
 W - a wand of digging (14/24)
   (You found it on level 1 of the Lair of Beasts)
Scrolls
 h - 19 scrolls of remove curse
 k - 4 scrolls of magic mapping {!r}
 n - 4 scrolls of teleportation
 t - 6 scrolls of recharging
 w - 8 scrolls of identify
 D - 2 scrolls of fear
 E - 6 scrolls of fog
 Z - a scroll of blinking {!r}
Potions
 b - 4 potions of brilliance
 f - 6 potions of resistance
 g - 3 potions of flight
 j - 12 potions of curing
 s - 2 potions of agility
 u - 2 potions of invisibility
 v - a potion of haste
 z - a potion of cure mutation {!q}
 F - 5 potions of might
 H - a potion of magic
 U - a potion of ambrosia
Miscellaneous
 p - a fan of gales (inert)
   (You found it on level 3 of the Swamp)
 C - a phial of floods (inert)
   (You found it on level 4 of the Swamp)
 N - a crystal ball of energy
   (You found it in a labyrinth)
Comestibles
 c - 17 bread rations {@e1}
 m - 16 meat rations {@e2}
 R - 2 royal jellies

#..!.§........#..*,,**
#..≈.....y.#^#..#*,,*,
###≈≈#########.#*,,***
#.≈≈≈..## *,**,,* *
#≈≈≈y...## *,**,,* *
#...†s...# *,**,,***
#^..y..§### *,***,,**
#....ss...# *,* *,,*,
#####@....##**,* *,,,,
##...s.....#*,,***,,,,
#......#..##*,***,,,,,
#.........###,**,,,,,,
#^...s......#,**,,*,,,
##............#*,,*,,,
#...........#.#*,,**,,
#..........##,#*,,,*,,
#...#......#*.#*,,**,,


You could see a ghost moth (invisible), a demonic crawler, a hornet, 2 jumping
spiders and 2 tarantellas.


Message History

You see here an orb spider corpse.
You take 15 damage, and have 21/85 hp.
Unknown command.
A tarantella comes into view.
The tarantella hisses angrily.
The jumping spider completely misses you.
The jumping spider barely misses you. The hornet stings your water elemental!
The jumping spider leaps!
The tarantella closely misses you. The ghost moth stares at you.
You feel your power leaking away. The jumping spider misses you.
The jumping spider closely misses you.
Your water elemental barely misses the hornet.
The hornet stings your water elemental!
You now have 11/44 mp.
Unknown command.
Unknown command.
You're too confused to move!
The tarantella bites you!
* * * LOW HITPOINT WARNING * * *
The tarantella misses you. The ghost moth stares at you.
You feel your power leaking away.
The jumping spider closely misses you. x2
The hornet stings your water elemental.
Your water elemental is destroyed!
The demonic crawler completely misses you.
The demonic crawler barely misses you.
The demonic crawler hits you but does no damage.
The tarantella bites you!
You die...

Action                   |  1- 3 |  4- 6 |  7- 9 | 10-12 | 13-15 | 16-18 || total
-------------------------+-------+-------+-------+-------+-------+-------++-------
Melee: Unarmed           |     5 |     4 |     2 |       |       |       ||    11
       Whip              |       |       |    24 |       |       |       ||    24
       Dagger            |       |       |    17 |   177 |   517 |       ||   711
       Rapier            |       |       |       |       |   471 |   401 ||   872
 Fire: Blowgun           |       |       |       |       |     2 |    15 ||    17
 Cast: Magic Dart        |    77 |    95 |   359 |   354 |    44 |     7 ||   936
       Dazzling Spray    |       |     3 |    26 |    47 |   157 |    62 ||   295
       Iskenderun's Myst |       |     1 |     7 |    33 |    23 |    32 ||    96
       Searing Ray       |       |     3 |    15 |    32 |     2 |       ||    52
       Fulminant Prism   |       |       |    11 |    79 |    71 |       ||   161
       Iskenderun's Batt |       |       |       |    11 |       |     2 ||    13
       Confuse           |       |       |       |    15 |    11 |       ||    26
       Sticky Flame      |       |       |       |     6 |   149 |    99 ||   254
       Gell's Gravitas   |       |       |       |     3 |       |       ||     3
       Iron Shot         |       |       |       |       |   163 |   114 ||   277
       Lightning Bolt    |       |       |       |       |    47 |     7 ||    54
       Freezing Cloud    |       |       |       |       |    19 |   111 ||   130
       Blink             |       |       |       |       |     2 |     8 ||    10
       Repel Missiles    |       |       |       |       |     1 |     1 ||     2
       Bolt of Fire      |       |       |       |       |       |     9 ||     9
Evoke: Wand              |       |       |     2 |    18 |     9 |     4 ||    33
       Crystal ball of e |       |       |       |       |     1 |     1 ||     2
       Phial of floods   |       |       |       |       |       |     2 ||     2
       Fan of gales      |       |       |       |       |       |     2 ||     2
  Use: Scroll            |       |       |     6 |    18 |    30 |     9 ||    63
       Potion            |       |       |       |     4 |     5 |    12 ||    21
 Stab: Invisible         |       |       |     2 |     1 |     9 |     2 ||    14
       Distracted        |       |       |       |     1 |     2 |     1 ||     4
       Sleeping          |       |       |       |       |     1 |     2 ||     3
  Eat: Chunk             |     2 |     5 |    14 |    25 |    22 |     3 ||    71
       Beef jerky        |       |       |     2 |     1 |     2 |     1 ||     6
       Fruit             |       |       |       |     7 |    26 |     5 ||    38
       Pizza             |       |       |       |     2 |    13 |     5 ||    20
       Meat ration       |       |       |       |     1 |     1 |       ||     2
       Royal jelly       |       |       |       |       |     2 |    14 ||    16
Armor: Robe              |     3 |     3 |     5 |       |       |       ||    11
       Leather armour    |       |       |    26 |    64 |     5 |       ||    95
       Troll leather arm |       |       |       |       |   323 |   163 ||   486
Dodge: Dodged            |    12 |    13 |   146 |   388 |  1638 |   770 ||  2967
       Deflected         |       |       |       |       |    12 |     7 ||    19
Block: Other             |       |     1 |    26 |    49 |    99 |       ||   175
       Reflection        |       |       |     6 |     1 |    17 |       ||    24
       Buckler           |       |       |       |       |   405 |   294 ||   699

Vault maps used:
D:1:      minmay_arrival_four_loops, st_stairs_3
D:2:      yredelemnul_altar_generic, lemuel_doored_altar, first_bread,
          minmay_misc_feat_x, minmay_goblin_outpost
D:3:      minmay_door_path, uniq_jessica
D:4:      wad_woods_stonehenge
D:5:      minmay_goblin_kobold_castle, uniq_pikel, uniq_blork_the_orc
D:6:      makhleb_grotto_becter, grunt_potential
D:7:      nicolae_tso_besieged_by_evil
D:8:      uniq_maurice
D:9:      minitemple
D:10:     erik_lair_orcish_takeover, uniq_fannar
D:11:     nrook_uturn
D:12:     zombieorc2_lemuel, uniq_nergalle, uniq_kirke
D:13:     erik_vaults_2, portal_ice_cave_entry_imps
D:14:     minivault_27, grunt_livestock
D:15:     grunt_enter_depths_hoard, serial_shops, nicolae_shop_statue_plus,
          serial_undead, serial_undead_f, serial_undead_d, serial_undead_f,
          serial_undead_e, serial_undead_c, minmay_crystal_room
Temple:   bh_familiar_temple
Lair:1:   lab_entry_generic, uniq_sonja, uniq_gastronok
Lair:2:   swamp_mist, special_room
Lair:3:   nicolae_spider_entry_orb_guardian, basic_altar, grunt_megastairs_1
Lair:4:   minmay_another_anthill
Lair:5:   grunt_forest_large_clearings
Lair:6:   minmay_lair_end_enchanted_forest, dpeg_slime_entry_corner
Swamp:1:  evilmike_swamp_ruin_house_3, swamp_pool4
Swamp:2:  nicolae_swamp_trees_clearing
Swamp:3:  hangedman_swamp_blocks, uniq_roxanne
Swamp:4:  swamp_alternative
Spider:2: uniq_arachne
Spider:3: spiders_nest_scorpion_pit
Spider:4: johnstein_spider_rune_arachne_lair, nicolae_orb_stairs
Orc:2:    grunt_orc_gardens, grunt_orc_garden, grunt_orc_garden,
          grunt_orc_garden, grunt_orc_garden, serial_shops, shop
Lab:      labyrinth_lava_lair, labyrinth_fake_exit, labyrinth_glass_1,
          labyrinth_skeletal_remains

Notes
Turn   | Place    | Note
-------+----------+-------------------------------------------
     0 | D:1      | GravelordNito the Deep Elf Conjurer began the quest for the Orb.
     0 | D:1      | Reached XP level 1. HP: 10/10 MP: 6/6
   445 | D:1      | Reached XP level 2. HP: 15/15 MP: 4/8
   568 | D:1      | Learned a level 2 spell: Searing Ray
   662 | D:1      | Reached skill level 5 in Conjurations
   696 | D:1      | Reached XP level 3. HP: 19/19 MP: 6/10
   819 | D:1      | Reached skill level 4 in Spellcasting
  1433 | D:2      | Found a basalt altar of Yredelemnul.
  1511 | D:2      | Reached XP level 4. HP: 24/24 MP: 10/12
  1807 | D:2      | Found a shattered altar of Ashenzari.
  2143 | D:3      | Noticed ishanyx's ghost (amateur DEFE)
  2165 | D:3      | Learned a level 3 spell: Dazzling Spray
  2170 | D:3      | Learned a level 4 spell: Iskenderun's Mystic Blast
  2401 | D:3      | Noticed Jessica
  2408 | D:3      | Killed Jessica
  2408 | D:3      | Reached skill level 5 in Spellcasting
  2408 | D:3      | Reached skill level 6 in Conjurations
  2408 | D:3      | Reached XP level 5. HP: 28/28 MP: 0/14
  2665 | D:3      | Killed ishanyx's ghost
  2665 | D:3      | Reached skill level 6 in Spellcasting
  2665 | D:3      | Reached XP level 6. HP: 32/32 MP: 9/17
  2828 | D:4      | Noticed a sky beast
  3165 | D:4      | Noticed Kurtz's ghost (amateur NaFi)
  3202 | D:4      | Killed Kurtz's ghost
  3202 | D:4      | Reached skill level 7 in Spellcasting
  3202 | D:4      | Reached skill level 7 in Conjurations
  3202 | D:4      | Reached XP level 7. HP: 36/36 MP: 9/19
  3412 | D:4      | Found a sacrificial altar of Ru.
  3857 | D:4      | Learned a level 4 spell: Fulminant Prism
  3982 | D:5      | Entered Level 5 of the Dungeon
  4264 | D:5      | Noticed Blork the orc
  4274 | D:5      | Killed Blork the orc
  4274 | D:5      | Reached skill level 3 in Dodging
  4274 | D:5      | Reached skill level 8 in Spellcasting
  4936 | D:5      | Reached skill level 4 in Dodging
  5131 | D:5      | Reached XP level 8. HP: 38/41 MP: 7/22
  5246 | D:5      | Reached skill level 9 in Spellcasting
  5452 | D:5      | Reached skill level 5 in Dodging
  5774 | D:5      | Noticed Pikel
  5788 | D:5      | Killed Pikel
  5788 | D:5      | Reached skill level 6 in Dodging
  5788 | D:5      | Reached skill level 10 in Spellcasting
  6112 | D:6      | Reached skill level 7 in Dodging
  6159 | D:6      | Noticed FrankyJ's ghost (novice DDNe)
  6439 | D:6      | Killed FrankyJ's ghost
  6439 | D:6      | Reached skill level 8 in Dodging
  6439 | D:6      | Reached skill level 11 in Spellcasting
  6439 | D:6      | Reached XP level 9. HP: 43/45 MP: 8/26
  6641 | D:6      | Found a burning altar of Makhleb.
  7435 | D:7      | Found a glowing golden altar of the Shining One.
  7455 | D:7      | Reached skill level 8 in Conjurations
  7501 | D:7      | Reached skill level 9 in Dodging
  8223 | D:7      | Found a staircase to the Ecumenical Temple.
  8563 | D:8      | Reached skill level 9 in Conjurations
  8587 | D:8      | Noticed Maurice
  8635 | D:8      | Killed Maurice
  8635 | D:8      | Reached skill level 10 in Dodging
  8816 | D:8      | Reached XP level 10. HP: 37/50 MP: 17/27
  9610 | D:8      | Reached skill level 11 in Dodging
  9610 | D:8      | Reached skill level 10 in Conjurations
 10069 | D:8      | Learned a level 5 spell: Iskenderun's Battlesphere
 10104 | D:9      | Reached skill level 1 in Charms
 10308 | D:9      | Reached skill level 2 in Charms
 10471 | D:9      | Reached skill level 3 in Charms
 10501 | D:9      | Found a deep blue altar of Sif Muna.
 10503 | D:9      | Found a stormy altar of Qazlal.
 10511 | D:9      | Found a glowing silver altar of Zin.
 10791 | D:10     | Entered Level 10 of the Dungeon
 10794 | D:10     | Noticed Fannar
 10796 | D:10     | Noticed a hill giant
 10797 | D:10     | Reached skill level 4 in Charms
 11028 | D:10     | Killed a hill giant
 11028 | D:10     | Reached skill level 12 in Dodging
 11028 | D:10     | Reached skill level 5 in Charms
 11033 | D:10     | Found a staircase to the Lair.
 11154 | D:10     | Reached skill level 6 in Charms
 11214 | D:10     | Killed Fannar
 11214 | D:10     | Reached skill level 7 in Charms
 11391 | D:10     | Noticed a hill giant
 11397 | D:10     | Killed a hill giant
 11397 | D:10     | Reached XP level 11. HP: 54/54 MP: 17/28
 11579 | D:10     | Noticed FrankyJ's ghost (novice DDNe)
 11613 | D:10     | Reached skill level 8 in Charms
 11992 | D:10     | Reached skill level 13 in Dodging
 12088 | D:10     | Killed FrankyJ's ghost
 12300 | D:10     | Noticed a hill giant
 12304 | D:10     | Killed a hill giant
 12452 | Temple   | Entered the Ecumenical Temple
 12475 | Temple   | Became a worshipper of Vehumet
 12766 | D:10     | Reached skill level 12 in Spellcasting
 12774 | Lair:1   | Entered Level 1 of the Lair of Beasts
 13047 | Lair:1   | Noticed Sonja
 13051 | Lair:1   | Noticed Gastronok
 13115 | Lair:1   | Found a labyrinth entrance.
 13123 | Lab      | Entered a labyrinth
 13470 | Lab      | Noticed a minotaur
 13524 | Lab      | Killed a minotaur
 13578 | Lab      | Got a ring of the Octopus King
 13597 | Lab      | Identified a ring of the Octopus King {rC+ AC+1 EV+1 Str+1 Int+1 Dex+1} (You found it in a labyrinth)
 14013 | Lair:1   | Reached skill level 13 in Spellcasting
 14141 | Lair:1   | Killed Gastronok
 14141 | Lair:1   | Reached skill level 11 in Conjurations
 14451 | Lair:1   | Learned a level 3 spell: Confuse
 14460 | Lair:1   | Killed Sonja
 14460 | Lair:1   | Reached skill level 1 in Evocations
 14770 | Lair:1   | Reached skill level 2 in Evocations
 15118 | Lair:1   | Reached XP level 12. HP: 59/59 MP: 23/31
 15346 | D:11     | Reached skill level 14 in Spellcasting
 15353 | D:11     | Reached skill level 3 in Evocations
 15458 | D:11     | Reached * piety under Vehumet
 15458 | D:11     | Offered knowledge of Freeze by Vehumet.
 15639 | D:11     | Reached skill level 4 in Evocations
 16075 | D:11     | Reached skill level 5 in Evocations
 16870 | D:12     | Reached ** piety under Vehumet
 16870 | D:12     | Offered knowledge of Throw Flame by Vehumet.
 16928 | D:12     | Reached skill level 15 in Spellcasting
 17149 | D:12     | Noticed Nergalle
 17167 | D:12     | Killed Nergalle
 17167 | D:12     | Reached skill level 6 in Evocations
 17590 | D:12     | Noticed Kirke
 17761 | D:12     | Noticed a four-headed hydra
 18059 | D:12     | Offered knowledge of Static Discharge by Vehumet.
 18060 | D:12     | Found a staircase to the Orcish Mines.
 18131 | D:11     | Reached *** piety under Vehumet
 18235 | D:12     | Reached skill level 7 in Evocations
 18600 | D:12     | Noticed an eight-headed hydra
 18795 | D:12     | Noticed a sphinx
 19092 | D:12     | Noticed a sphinx
 19236 | D:11     | Offered knowledge of Sticky Flame by Vehumet.
 19242 | D:11     | Learned a level 4 spell: Sticky Flame
 19336 | D:12     | Killed a four-headed hydra
 19474 | D:12     | Killed Kirke
 19474 | D:12     | Reached skill level 16 in Spellcasting
 19474 | D:12     | Reached skill level 8 in Evocations
 19819 | Orc:1    | Entered Level 1 of the Orcish Mines
 19996 | Orc:2    | Entered Level 2 of the Orcish Mines
 19996 | Orc:2    | Found Riubum's Jewellery Emporium.
 19996 | Orc:2    | Noticed an orc high priest
 19996 | Orc:2    | Noticed an orc warlord
 20197 | Orc:1    | Noticed an orc warlord
 20197 | Orc:1    | Paralysed by an orc sorcerer for 5 turns
 20356 | Orc:1    | Learned a level 3 spell: Gell's Gravitas
 20854 | D:13     | Reached XP level 13. HP: 61/63 MP: 33/35
 20858 | D:12     | Upgraded the game from 0.19-a0-1743-g6dcb786 to 0.19-a0-1779-g7aee5af
 21771 | Orc:1    | Reached **** piety under Vehumet
 21960 | Orc:1    | Reached skill level 9 in Evocations
 22037 | Orc:1    | Offered knowledge of Olgreb's Toxic Radiance by Vehumet.
 22131 | Orc:1    | Killed an orc warlord
 22318 | D:12     | Identified a +7 rod of clouds (9/9) (You found it in a labyrinth)
 22695 | Lair:2   | Found a staircase to the Swamp.
 22726 | Lair:2   | Reached skill level 1 in Armour
 22751 | Lair:2   | Got a garnet-encrusted leather armour
 23268 | Lair:2   | Reached skill level 2 in Armour
 23504 | Lair:2   | Reached ***** piety under Vehumet
 23534 | Lair:2   | Offered knowledge of Iron Shot by Vehumet.
 23555 | Lair:2   | Reached skill level 10 in Evocations
 23587 | Lair:2   | Learned a level 6 spell: Iron Shot
 23904 | Lair:3   | Reached skill level 3 in Armour
 23911 | Lair:3   | Reached skill level 1 in Earth Magic
 23952 | Lair:3   | Got a scorched brass amulet
 23991 | Lair:3   | Reached skill level 2 in Earth Magic
 24145 | Lair:3   | Found a hole to the Spider Nest.
 24257 | Lair:3   | Reached skill level 3 in Earth Magic
 24270 | Lair:3   | Reached skill level 4 in Armour
 24703 | Lair:3   | Identified the amulet of Ascent {Inacc Int+5 Dex+4} (You found it on level 3 of the Lair of Beasts)
 24729 | Lair:3   | Found a white marble altar of Elyvilon.
 25022 | Lair:4   | Noticed an entropy weaver
 25048 | Lair:4   | Reached skill level 4 in Earth Magic
 25183 | Lair:3   | Killed an entropy weaver
 25506 | Lair:4   | Noticed an entropy weaver
 25511 | Lair:4   | Killed an entropy weaver
 25511 | Lair:4   | Reached skill level 5 in Earth Magic
 25736 | Lair:4   | Reached skill level 5 in Armour
 25874 | Lair:4   | Offered knowledge of Lightning Bolt by Vehumet.
 26005 | Lair:4   | Learned a level 5 spell: Lightning Bolt
 26740 | Lair:5   | Reached skill level 14 in Dodging
 27283 | Lair:5   | Reached XP level 14. HP: 68/68 MP: 23/36
 27838 | Lair:5   | Learned a level 2 spell: Blink
 27841 | Lair:5   | Learned a level 2 spell: Repel Missiles
 27917 | Lair:6   | Entered Level 6 of the Lair of Beasts
 28015 | Lair:6   | Found a staircase to the Slime Pits.
 28136 | Lair:6   | Offered knowledge of Freezing Cloud by Vehumet.
 28428 | Lair:5   | Reached skill level 12 in Conjurations
 28732 | Lair:5   | Learned a level 6 spell: Freezing Cloud
 28828 | Lair:6   | Reached skill level 1 in Ice Magic
 29025 | Lair:6   | Reached skill level 2 in Ice Magic
 29189 | Lair:6   | Reached skill level 15 in Dodging
 29189 | Lair:6   | Reached skill level 3 in Ice Magic
 29900 | Lair:6   | Identified the +3 leather armour of Bedevilment {Regen+} (You found it on level 2 of the Lair of Beasts)
 30167 | D:12     | Reached skill level 4 in Ice Magic
 30805 | Orc:1    | Killed an orc warlord
 30851 | Orc:1    | Reached skill level 5 in Ice Magic
 31469 | Lair:2   | Offered knowledge of Irradiate by Vehumet.
 31677 | Orc:2    | Paralysed by an orc sorcerer for 6 turns
 31851 | Orc:1    | Reached skill level 1 in Short Blades
 32145 | Orc:2    | Reached skill level 6 in Ice Magic
 32151 | Orc:2    | Reached skill level 2 in Short Blades
 32493 | Orc:2    | Reached skill level 3 in Short Blades
 32617 | Orc:2    | Found Qyptio's General Store.
 32634 | Orc:2    | Bought a scroll of enchant weapon for 90 gold pieces
 32641 | Orc:2    | Found Mualoc's Antique Armour Shop.
 32753 | Orc:2    | Found a staircase to the Elven Halls.
 32774 | Orc:2    | Found Ehiamof's Antique Weapon Emporium.
 32903 | Orc:2    | Found Nilliret's Book Boutique.
 32911 | Orc:2    | Bought a book of the Tempests for 910 gold pieces
 33012 | D:12     | Reached skill level 1 in Air Magic
 33242 | D:13     | Reached skill level 2 in Air Magic
 33341 | D:13     | Found a gate to the Vaults.
 33429 | D:13     | Reached skill level 3 in Air Magic
 33549 | D:13     | Reached XP level 15. HP: 72/72 MP: 22/37
 33807 | D:13     | Reached skill level 4 in Air Magic
 34006 | D:13     | Offered knowledge of Spellforged Servitor by Vehumet.
 34485 | D:13     | Reached skill level 5 in Air Magic
 35061 | D:14     | Got a crude robe
 35084 | D:14     | Identified the +1 robe of Lugonu {-Tele rN+ Int+6 Dex+2} (You found it on level 14 of the Dungeon)
 35115 | D:14     | Reached skill level 6 in Air Magic
 35817 | D:14     | Reached skill level 13 in Conjurations
 36175 | D:15     | Entered Level 15 of the Dungeon
 36245 | D:15     | Reached skill level 7 in Air Magic
 36764 | D:15     | Reached skill level 8 in Air Magic
 36881 | D:15     | Found Nynub's Armour Shop.
 36887 | D:15     | Bought a +2 buckler of poison resistance for 185 gold pieces
 37158 | D:15     | Found a staircase to the Depths.
 37328 | D:15     | Reached skill level 9 in Air Magic
 38062 | Swamp:1  | Entered Level 1 of the Swamp
 38497 | Swamp:1  | Reached skill level 10 in Air Magic
 38917 | Swamp:1  | Noticed a thorn hunter
 38924 | Swamp:1  | Killed a thorn hunter
 38924 | Swamp:1  | Offered knowledge of Conjure Ball Lightning by Vehumet.
 39021 | Swamp:1  | Learned a level 9 spell: Tornado
 39575 | Swamp:2  | Reached skill level 11 in Air Magic
 39698 | Swamp:2  | Reached XP level 16. HP: 28/76 MP: 10/38
 40691 | Swamp:3  | Reached skill level 12 in Air Magic
 41296 | Swamp:3  | Noticed Roxanne
 41614 | Swamp:3  | Reached skill level 17 in Spellcasting
 41707 | Swamp:3  | Got a faintly glowing quarterstaff
 41960 | Swamp:3  | Offered knowledge of Bolt of Fire by Vehumet.
 42325 | Swamp:3  | Learned a level 6 spell: Bolt of Fire
 42355 | Swamp:4  | Entered Level 4 of the Swamp
 42469 | Swamp:4  | Reached skill level 13 in Air Magic
 42607 | Swamp:4  | Reached ****** piety under Vehumet
 43024 | Swamp:4  | Got a decaying rune of Zot
 43130 | Swamp:4  | Noticed a thorn hunter
 43143 | Swamp:4  | Killed a thorn hunter
 43145 | Swamp:4  | Reached skill level 14 in Air Magic
 43558 | Swamp:4  | Reached skill level 18 in Spellcasting
 44703 | Spider:1 | Entered Level 1 of the Spider Nest
 45346 | Spider:1 | Reached XP level 17. HP: 80/80 MP: 38/41
 46055 | Spider:1 | Reached skill level 19 in Spellcasting
 46136 | Spider:1 | Offered knowledge of Lehudib's Crystal Spear by Vehumet.
 46136 | Spider:1 | Offered knowledge of Glaciate by Vehumet.
 46136 | Spider:1 | Offered knowledge of Chain Lightning by Vehumet.
 46711 | Spider:2 | Noticed Arachne
 46904 | Spider:2 | Killed Arachne
 47222 | Spider:2 | Reached skill level 15 in Air Magic
 47418 | Spider:2 | Gained mutation: You are surrounded by a mild repulsion field. (EV +2) [potion of beneficial mutation]
 48712 | Spider:3 | Reached skill level 20 in Spellcasting
 49632 | Spider:4 | Entered Level 4 of the Spider Nest
 50184 | Spider:4 | Reached skill level 16 in Air Magic
 50184 | Spider:4 | Reached XP level 18. HP: 85/85 MP: 44/44
 51452 | Spider:4 | Reached skill level 17 in Air Magic
 51475 | Spider:4 | Slain by a tarantella

Vanquished Creatures
  Arachne (Spider:2)
  A thorn hunter (Swamp:1)
  Gastronok (Lair:1)
  Kirke (D:12)
  3 ghost moths
  3 emperor scorpions
  An orc warlord (Orc:1)
  4 entropy weavers
  4 spark wasps
  A minotaur (Lab)
  A fire dragon (D:15)
  7 vault guards
  4 ghost crabs
  A centaur warrior (D:13)
  Fannar (D:10)
  15 hydras
  An ice dragon (D:15)
  A catoblepas (D:13)
  10 alligators
  A queen ant (Lair:4)
  The ghost of FrankyJ the Thaumaturge, a novice DDNe of Kikubaaqudgha (D:10)
  A tengu warrior (D:14)
  An orc high priest (Orc:2)
  Sonja (Lair:1)
  Nergalle (D:12)
  6 skeletal warriors
  2 unseen horrors (D:14)
  16 swamp dragons
  2 spriggan druids
  3 shambling mangroves
  Pikel (D:5)
  A wolf spider zombie (D:15)
  5 orc knights
  27 wolf spiders
  21 orb spiders
  13 hill giants
  4 orc sorcerers
  8 ugly things
  4 cyclopes
  4 manticores
  3 moths of wrath
  5 black mambas
  Maurice (D:8)
  A torpor snail (Spider:1)
  The ghost of FrankyJ the Magician, a novice DDNe of Dithmenos (D:6)
  17 spiny frogs
  A gargoyle (D:15)
  3 centaur skeletons
  5 komodo dragons
  14 demonic crawlers
  5 rime drakes
  A tengu conjurer (D:14)
  2 freezing wraiths (D:14)
  The ghost of Kurtz the Slasher, an amateur NaFi (D:4)
  3 meliai (Spider:2)
  A queen bee (Lair:2)
  11 trolls
  23 hornets
  23 jumping spiders
  6 polar bears
  10 tyrant leeches
  12 hippogriffs
  9 bog bodies
  15 blink frogs
  2 two-headed ogres (D:11)
  6 dream sheep (Lair:5)
  15 slime creatures
  24 yaks
  The ghost of ishanyx the Firebug, an amateur DEFE (D:3)
  44 redbacks
  18 spriggans
  28 tarantellas
  3 wyverns
  A shadow (Swamp:4)
  A water elemental (Orc:2)
  A wraith (D:11)
  2 basilisks
  A hill giant zombie (D:12)
  4 hogs
  A human (D:14)
  5 hungry ghosts
  A steam dragon (Lab)
  25 vampire mosquitoes
  4 wargs
  11 soldier ants
  11 swamp worms
  8 insubstantial wisps
  11 water moccasins
  3 porcupines
  31 orc warriors
  A slave (D:5)
  12 swamp drakes
  7 ice beasts
  4 sky beasts
  8 black bears
  A hornet zombie (D:15)
  3 boggarts (Lair:6)
  3 phantoms
  29 wolves
  An eye of draining (D:15)
  14 ogres
  5 centaurs
  14 crocodiles
  Blork the orc (D:5)
  14 bullfrogs
  4 big kobolds
  2 wyvern zombies
  2 scorpions
  A water moccasin skeleton (D:11)
  36 killer bees
  A troll zombie (D:12)
  12 wights
  3 howler monkeys
  A lava snake (Lab)
  10 crimson imps
  2 bullfrog zombies
  6 centaur zombies
  7 hounds
  An iron imp (D:7)
  8 orc priests
  6 jellies
  25 orc wizards
  Jessica (D:3)
  9 iguanas
  32 worker ants
  6 ogre zombies (D:12)
  A hound zombie (D:6)
  2 mummies (D:15)
  2 worker ant zombies
  12 gnolls
  A howler monkey skeleton (D:8)
  14 adders
  77 river rats
  5 shadow imps
  12 white imps (D:13)
  An adder zombie (D:9)
  3 worms
  2 dart slugs
  2 leopard geckos
  53 orcs
  A ball python (D:3)
  7 giant cockroaches
  44 goblins
  29 hobgoblins
  9 jackals
  9 quokkas
  11 bats
  6 frilled lizards
  A goblin skeleton (D:7)
  6 goblin zombies
  6 hobgoblin zombies
  A jackal skeleton (D:5)
  3 jackal zombies
  25 kobolds
  2 kobold skeletons (D:7)
  A kobold zombie (D:7)
  A leopard gecko skeleton (D:6)
  4 orc skeletons
  17 orc zombies (D:12)
  11 rats
  2 briar patches (Swamp:4)
  3 plants
1297 creatures vanquished.

Vanquished Creatures (collateral kills)
  A thorn hunter (Swamp:4)
  A moth of wrath (Spider:4)
  A bog body (Swamp:4)
3 creatures vanquished.

Vanquished Creatures (others)
  An orc warlord (Orc:1)
  A swamp dragon (Swamp:3)
  A cyclops (D:15)
  A blink frog (Swamp:3)
  A redback (Spider:4)
  An orc warrior (Orc:2)
  An orc (Orc:1)
  A goblin (D:5)
  2 briar patches (Swamp:4)
  161 fulminant prisms
  19 fungi
  9 plants
199 creatures vanquished.

Grand Total: 1499 creatures vanquished
